 Dungeon Crawl Stone Soup version 0.24.0-123-gd5b16e6ec5 (webtiles) character file.

Game seed: 14653078452011301076, levelgen mode: deterministic

249396 Lemonice the Phalangite (level 20, -6/149 HPs)
             Began as a Merfolk Gladiator on Feb 10, 2020.
             Was the Champion of Hepliaklqana.
             Mangled by a vampire knight
             ... wielding a +3 great mace
              (21 damage)
             ... on level 2 of the Vaults.
             The game lasted 02:54:16 (40030 turns).

Lemonice the Phalangite (Merfolk Gladiator)        Turns: 40030, Time: 02:54:17

Health: -6/149     AC: 39    Str: 22    XL:     20   Next: 4%
Magic:  23/23      EV: 16    Int: 18    God:    Hepliaklqana [******]
Gold:   2982       SH: 15    Dex: 21    Spells: 23/23 levels left

rFire    + . .     SeeInvis .   U - +9 trident of the Special Ships {speed, Str+6}
rCold    . . .     Gourm    .   a - +3 warlock's mirror {reflect}
rNeg     . . .     Faith    .   X - +7 plate armour "Monun" {Str+2 Int+3 Stlth-}
rPois    +         Spirit   .   r - +1 hat
rElec    .         Reflect  +   K - +3 cloak "Muazxofe" {rPois rF+ Int+2}
rCorr    .         Harm     .   b - +0 pair of gloves
MR       +....                  D - +0 pair of boots
Stlth    +.........             C - +5 amulet of reflection
HPRegen  0.34/turn              L - +4 ring of dexterity
MPRegen  0.18/turn              t - ring of Robustness {AC+8}

@: about to teleport
A: change form in water, swift swim, stealthy swim, reduced essence, weak 1
}: 1/15 runes: decaying
a: Recall Ancestor, Ancestor Identity, Transference, Idealise, Renounce Religion


You were on level 2 of the Vaults.
You worshipped Hepliaklqana.
Hepliaklqana was exalted by your worship.
You were very hungry.

You visited 7 branches of the dungeon, and saw 32 of its levels.
You also visited: Sewer, Ossuary and Gauntlet.

You collected 3286 gold pieces.
You spent 304 gold pieces at shops.

Inventory:

Hand Weapons
 q - the +7 glaive of Jioqar {flame, +Blink rPois rN+}
   (You acquired it on level 13 of the Dungeon)

   It has been specially enchanted to burn those struck by it, causing extra
   injury to most foes and up to half again as much damage against particularly
   susceptible opponents.
   Big, fiery blades are also staple armaments of hydra-hunters.
   It protects you from poison.
   It protects you from negative energy.
   It lets you blink.
 U - the +9 trident of the Special Ships (weapon) {speed, Str+6}
   (You bought it in a shop on level 15 of the Dungeon)

   Attacks with this weapon are significantly faster.
   It affects your strength (+6).
Missiles
 h - a throwing net (quivered)
Armour
 a - the +3 warlock's mirror (worn) {reflect}
   (You acquired it on level 1 of the Swamp)
 b - a +0 pair of gloves (worn)
 r - a +1 hat (worn)
 D - a +0 pair of boots (worn)
 K - the +3 cloak "Muazxofe" (worn) {rPois rF+ Int+2}
   (You found it in a Gauntlet)

   It affects your intelligence (+2).
   It protects you from fire.
   It protects you from poison.
 O - the +4 ring mail "Niluk" {*Contam rPois MR+}
   (You took it off an orc on level 7 of the Dungeon)

   It protects you from poison.
   It affects your resistance to hostile enchantments.
   It causes magical contamination when unequipped.
 X - the +7 plate armour "Monun" (worn) {Str+2 Int+3 Stlth-}
   (You found it on level 3 of the Swamp)

   It affects your strength (+2).
   It affects your intelligence (+3).
   It makes you less stealthy.
Jewellery
 o - an uncursed ring of protection from cold
 t - the ring of Robustness (right hand) {AC+8}
   (You found it on level 10 of the Dungeon)

   [ring of protection]

   It affects your AC (+8).
 y - an uncursed ring of poison resistance
 C - a +5 amulet of reflection (around neck)
 L - a +4 ring of dexterity (left hand)
 R - an uncursed ring of positive energy
 S - an uncursed ring of resist corrosion
Wands
 d - a wand of enslavement (5)
 m - a wand of flame (77)
 M - a wand of polymorph (11)
 T - a wand of digging (3)
 W - a wand of iceblast (22)
Scrolls
 e - 17 scrolls of remove curse
 k - 5 scrolls of magic mapping
 l - 9 scrolls of teleportation
 n - 7 scrolls of enchant weapon
 u - a scroll of brand weapon
 v - 5 scrolls of blinking
 x - 8 scrolls of immolation
 A - 2 scrolls of vulnerability
 F - 6 scrolls of enchant armour
 G - a scroll of fear
 J - 4 scrolls of fog
 N - 8 scrolls of amnesia
 Q - 2 scrolls of identify
Potions
 g - 4 potions of agility
 i - 5 potions of lignification
 j - 2 potions of mutation
 s - 9 potions of curing
 z - 4 potions of might
 B - a potion of invisibility
 E - 2 potions of ambrosia
 H - 6 potions of brilliance
 I - 6 potions of flight
 P - 3 potions of resistance
 V - a potion of cancellation
 Y - a potion of heal wounds
Miscellaneous
 c - a fan of gales
 w - a lamp of fire (inert)
 Z - a phial of floods
Comestibles
 f - 39 rations


   Skills:
 - Level 16.4 Fighting
 - Level 21.8 Polearms
 - Level 2.3 Throwing
 * Level 12.9 Armour
 - Level 13.8 Dodging
 - Level 15.4 Stealth
 - Level 10.0 Shields
 - Level 3.1 Unarmed Combat
 - Level 2.0 Spellcasting
 - Level 2.6 Invocations
 - Level 3.0 Evocations


You had 23 spell levels left.
You didn't know any spells.
Your spell library contained the following spells:

 Spells                   Type           Power        Failure   Level  Hunger
 Beastly Appendage        Tmut           #.....       89%         1    #......
 Corona                   Hex            #......      89%         1    #......
 Freeze                   Ice            #...         89%         1    #......
 Magic Dart               Conj           #...         89%         1    #......
 Sandblast                Erth           #.....       89%         1    #......
 Shock                    Conj/Air       #...         89%         1    #......
 Sting                    Conj/Pois      #...         89%         1    #......
 Blink                    Tloc           N/A          96%         2    ###....
 Call Imp                 Summ           #.......     96%         2    ###....
 Ensorcelled Hibernation  Hex/Ice        #.....       96%         2    ###....
 Passwall                 Tmut/Erth      #.......     96%         2    ###....
 Poisonous Vapours        Pois/Air       #.....       96%         2    ###....
 Slow                     Hex            #.......     96%         2    ###....
 Sticks to Snakes         Tmut           #.......     96%         2    ###....
 Sublimation of Blood     Necr           #.........   96%         2    ###....
 Swiftness                Chrm/Air       #.......     96%         2    ###....
 Throw Frost              Conj/Ice       #.....       96%         2    ###....
 Confuse                  Hex            #.......     99%         3    ###....
 Conjure Flame            Conj/Fire      #.......     99%         3    ###....
 Dazzling Spray           Conj/Hex       #.....       99%         3    ###....
 Ignite Poison            Fire/Tmut/Pois #.......     99%         3    ###....
 Mephitic Cloud           Conj/Pois/Air  #.......     99%         3    ###....
 Ozocubu's Armour         Chrm/Ice       #.......     99%         3    ###....
 Spider Form              Tmut/Pois      #.........   99%         3    ###....
 Static Discharge         Conj/Air       #.......     99%         3    ###....
 Stone Arrow              Conj/Erth      #.....       99%         3    ###....
 Tukima's Dance           Hex            #.......     99%         3    ###....
 Airstrike                Air            #.........   100%        4    #####..
 Ice Form                 Ice/Tmut       #.......     100%        4    #####..
 Olgreb's Toxic Radiance  Pois           #.......     100%        4    #####..
 Passage of Golubria      Tloc           N/A          100%        4    #####..
 Petrify                  Tmut/Erth      #.......     100%        4    #####..
 Summon Ice Beast         Ice/Summ       #.......     100%        4    #####..
 Throw Icicle             Conj/Ice       #.......     100%        4    #####..
 Alistair's Intoxication  Tmut/Pois      #.......     100%        5    ######.
 Blade Hands              Tmut           #.........   100%        5    ######.
 Irradiate                Conj/Tmut      #.........   100%        5    ######.
 Lee's Rapid Deconstruct  Erth           #.........   100%        5    ######.
 Lightning Bolt           Conj/Air       #.........   100%        5    ######.
 Venom Bolt               Conj/Pois      #.........   100%        5    ######.
 Darkness                 Hex            #.........   100%        6    #######
 Hydra Form               Tmut           #.........   100%        6    #######
 Invisibility             Hex            #.......     100%        6    #######
 Statue Form              Tmut/Erth      #........    100%        6    #######
 Dragon Form              Tmut           #.........   100%        7    #######


Dungeon Overview and Level Annotations

Branches:
Dungeon (15/15)            Temple (1/1) D:7            Lair (6/6) D:8
  Swamp (4/4) Lair:4        Snake (0/4) Lair:2        Slime (0/5) Lair:6
    Orc (2/2) D:10            Elf (0/3) Orc:2        Vaults (3/5) D:14
 Depths (1/5) D:15          Sewer (visited)         Ossuary (visited)
Gauntlet (visited)
  Crypt: Vaults:2-3

Altars:
Ashenzari
Cheibriados
Dithmenos
Elyvilon
Fedhas
Gozag
Hepliaklqana
Kikubaaqudgha
Makhleb
Nemelex Xobeh
Okawaru
Qazlal
Ru
Sif Muna
Trog
Uskayaw
Vehumet
Wu Jian
Xom
Yredelemnul
Zin
The Shining One
Beogh
Jiyva

Shops:
D:8 :   D:15 ([:*[   Orc:2 ?%:[}

Portals:
Trove: D:10 (give +5 demon trident)

Annotations:
D:8 exclusion: orc warrior
Lair:1 2 transporters, exaltech's ghost, journeyman DsGl
Lair:4 3 runed translucent doors, 1Viktor's ghost, journeyman CeHu
Lair:6 2 runed translucent doors, 1994's ghost, journeyman CeGl


Innate Abilities, Weirdness & Mutations

You revert to your normal form in water.
You are very nimble and swift while swimming.
You are very stealthy in the water. (Stealth+)
Your life essence is reduced to manifest your ancestor. (-10% HP)
You are weak. (Str -2)


Message History

Deactivating autopickup; reactivate with Ctrl-A.
Something bites you but does no damage. Something hits you but does no damage.
Something bites you but does no damage.
The black bear changes into a wyvern!
You hear some strange, mumbled words.
Your +3 warlock's mirror {reflect} reflects the Paralyse!
As you read the scroll of teleportation, it crumbles to dust.
You feel strangely unstable.
A shard of ice appears from out of thin air!
The shard of ice hits something!!
Something hits you!
* * * LOW HITPOINT WARNING * * *
Something bites you but does no damage. Something barely misses you.
Something bites you but does no damage. Something hits you!
* * * LOW HITPOINT WARNING * * *
Something bites you but does no damage. Something hits you.
* * * LOW HITPOINT WARNING * * *
Something bites you but does no damage. Something hits you!!
You die...

# # ##########
#........########
#........#......#
#........#......############
#........#......#..........#
'........#......#..........#
#.§>.....#{.....@..........#
#........l...§.{#..........#
'........#......#.......>..#
'........########..........#
########## #..........# #
#########''###### #
#(........... #
#............ #
#............


You could see a wyvern shaped shifter.

Vanquished Creatures
  Sojobo (Vaults:3)
  Frederick (Vaults:2)
  A bone dragon (Swamp:4)
  Rupert (D:14)
  Jorgrun (Orc:1)
  Gastronok (Orc:1)
  A thorn hunter (Swamp:4)
  Kirke (Lair:3)
  Agnes (D:15)
  A shadow dragon (Vaults:1)
  Roxanne (D:15)
  An orc warlord (Orc:2)
  4 vault wardens
  2 ironheart preservers
  7 very ugly things
  A war gargoyle (Vaults:2)
  A dire elephant (D:15)
  A minotaur (D:13)
  A deep elf annihilator (Vaults:1)
  Snorg (Orc:1)
  The ghost of Goteb the Fencer, a journeyman HOFi of Okawaru (D:13)
  A yaktaur captain (Vaults:1)
  A fire dragon (Lair:6)
  The ghost of Xerberus86 the Carver, a journeyman HuGl of Hepliaklqana (Orc:1)
  The ghost of kikerikii the Cleaver, a journeyman MiBe of Trog (Orc:1)
  Fannar (D:12)
  Erolcha (D:12)
  A shambling mangrove (Swamp:3)
  3 vault guards (Vaults:2)
  8 hydras
  5 centaur warriors
  Erica (Orc:1)
  22 two-headed ogres
  23 death yaks
  4 ghost crabs
  11 alligators
  A tengu warrior (D:13)
  6 ogre magi
  Urug (D:14)
  A deep elf knight (Vaults:2)
  4 skeletal warriors (D:15)
  3 spriggan druids
  2 unseen horrors
  2 wizards
  2 glowing orange brains
  A deep elf archer (Vaults:1)
  3 swamp dragons
  A harpy (shapeshifter) (D:14)
  3 orc knights
  6 ironbrand convokers
  Pikel (D:8)
  A phantasmal warrior (Swamp:4)
  3 manticores
  4 wolf spiders
  11 ugly things
  3 orc sorcerers (Orc:2)
  4 cyclopes
  3 deep elf magi
  Maurice (D:12)
  3 elephants
  A black mamba (Lair:5)
  A salamander (D:15)
  Joseph (D:7)
  A guardian serpent (Lair:2)
  19 spiny frogs
  2 vault sentinels (Vaults:2)
  A torpor snail (Lair:3)
  A swamp worm zombie (Swamp:4)
  2 gargoyles
  2 kobold demonologists
  A centaur skeleton (D:14)
  16 yaktaurs
  6 rime drakes
  A spriggan zombie (Depths:1)
  7 komodo dragons
  A tengu conjurer (D:14)
  A queen bee (D:12)
  10 tyrant leeches
  2 polar bears
  5 trolls
  3 meliai (D:12)
  2 hydra zombies (Swamp:4)
  12 hornets
  21 blink frogs
  15 hippogriffs
  A blink frog (shapeshifter) (D:15)
  3 alligator zombies (Swamp:4)
  2 spectral swamp dragons (Swamp:4)
  8 bog bodies
  15 slime creatures
  6 dream sheep
  A centaur simulacrum (D:15)
  A meliai zombie (D:10)
  Sigmund (D:3)
  2 vampires (D:11)
  11 spriggans
  4 shadows
  13 basilisks
  7 wyverns
  36 yaks
  2 hogs (Lair:3)
  2 water elementals (D:13)
  A steam dragon (Lair:6)
  3 wraiths
  15 humans (D:14)
  25 vampire mosquitoes
  A hungry ghost (D:12)
  13 insubstantial wisps
  17 swamp worms
  5 wargs
  3 acid dragons (Lair:6)
  2 hell hounds (Lair:5)
  8 water moccasins
  An ice beast (D:9)
  7 porcupines
  18 orc warriors
  5 swamp drakes
  4 sky beasts
  A black bear (D:11)
  An eye of draining (D:13)
  12 phantoms
  A hornet zombie (D:13)
  2 necrophages
  32 ogres
  3 boggarts (D:15)
  5 swamp dragon zombies (Swamp:4)
  18 centaurs
  14 crocodiles
  4 big kobolds
  14 bullfrogs
  A water moccasin zombie (D:9)
  4 scorpions
  35 killer bees
  15 wights
  An electric eel (Lair:4)
  A bullfrog zombie (D:11)
  6 crimson imps
  A bullfrog skeleton (D:4)
  3 jellies
  3 hounds
  17 orc priests
  22 orc wizards
  3 hexers
  5 iguanas
  Natasha (thrice) (D:2)
  3 spectral swamp drakes (Swamp:4)
  6 worker ants
  2 mummies (Ossuary)
  A worker ant zombie (D:5)
  3 gnolls (D:7)
  2 swamp drake zombies (Swamp:4)
  15 adders
  A river rat (D:5)
  3 shadow imps
  A white imp (Gauntlet)
  An ooze (Sewer)
  An adder zombie (D:9)
  4 worms
  A dart slug (D:5)
  10 leopard geckos
  62 orcs
  6 giant cockroaches
  A gnoll zombie (Ossuary)
  3 goblins
  4 hobgoblins
  4 jackals
  2 quokkas
  3 ball pythons
  15 bats
  4 frilled lizards
  2 goblin zombies (Ossuary)
  A hobgoblin zombie (Ossuary)
  A jackal zombie (D:5)
  35 kobolds
  A kobold zombie (Ossuary)
  A leopard gecko skeleton (D:7)
  2 orc zombies (Ossuary)
  A quokka zombie (D:8)
  12 rats
  A fungus (D:5)
  2 plants
1006 creatures vanquished.

Vanquished Creatures (collateral kills)
  2 very ugly things
  Nessos (Orc:2)
  A minotaur (Gauntlet)
  A yaktaur captain (Vaults:2)
  A great orb of eyes (Vaults:2)
  A catoblepas (Lair:4)
  A hydra (Swamp:2)
  2 two-headed ogres
  An alligator (Swamp:2)
  6 death yaks
  2 unseen horrors (Vaults:1)
  A wizard (Vaults:1)
  A death drake (Swamp:4)
  2 orc knights
  2 ugly things
  4 orc sorcerers
  4 elephants (Lair:1)
  2 black mambas
  The ghost of brucemayne the Cleaver, a novice HOMo of the Shining One (D:8)
  2 spiny frogs
  A vault sentinel (Vaults:1)
  A rime drake (Lair:6)
  A kobold demonologist (D:15)
  2 yaktaurs (Vaults:1)
  A tengu conjurer (D:13)
  2 slime creatures
  A spectral swamp dragon (Swamp:4)
  4 hippogriffs
  7 blink frogs
  2 shadows (Gauntlet)
  A spriggan (Swamp:3)
  A wyvern (Lair:5)
  A hungry ghost (D:10)
  A hog (shapeshifter) (Vaults:1)
  A human (D:14)
  A hog (Lair:3)
  6 yaks
  2 basilisks
  A swamp worm (Swamp:4)
  4 orc warriors
  2 sky beasts
  A black bear (D:12)
  2 ogres
  A phantom (Swamp:4)
  2 centaurs (D:11)
  A crocodile (Lair:6)
  2 big kobolds
  3 bullfrogs
  2 scorpions (D:5)
  A crimson imp (D:6)
  A hound (D:9)
  A gnoll shaman (D:7)
  3 jellies
  3 orc priests
  4 orc wizards
  A mummy (Ossuary)
  A gnoll (D:7)
  An ooze (D:5)
  A leopard gecko (D:5)
  12 orcs
  3 jackals
  4 kobolds
  A gnoll zombie (Ossuary)
  A jackal zombie (D:5)
  A fungus (Lair:1)
134 creatures vanquished.

Vanquished Creatures (others)
  A tyrant leech (Gauntlet)
  A hornet (Swamp:1)
  3 insubstantial wisps
  3 slaves (D:8)
  An ogre (D:6)
  A centaur (D:8)
  An iguana (D:6)
  50 hexers
  An adder (D:6)
  A shadow imp (D:6)
  An orc (D:6)
  A quokka (D:6)
  A bush (Lair:6)
  23 fungi
  10 plants
99 creatures vanquished.

Grand Total: 1239 creatures vanquished

Notes
Turn   | Place    | Note
-------+----------+-------------------------------------------
     0 | D:1      | Lemonice the Merfolk Gladiator began the quest for the Orb.
     0 | D:1      | Reached XP level 1. HP: 16/16 MP: 1/1
   277 | D:1      | Reached XP level 2. HP: 22/23 MP: 2/2
   641 | D:2      | Noticed Natasha
   653 | D:2      | Killed Natasha
   653 | D:2      | Reached skill level 5 in Polearms
   653 | D:2      | Reached XP level 3. HP: 19/28 MP: 3/3
   655 | D:2      | Noticed Natasha
   663 | D:2      | Killed Natasha
   663 | D:2      | Reached XP level 4. HP: 16/34 MP: 4/4
   672 | D:2      | Noticed Natasha
   683 | D:2      | Killed Natasha
   683 | D:2      | Reached skill level 5 in Dodging
  1349 | D:3      | Reached skill level 6 in Polearms
  1382 | D:3      | Reached XP level 5. HP: 40/40 MP: 5/5
  1413 | D:3      | Noticed Sigmund
  1449 | D:3      | Killed Sigmund
  1449 | D:3      | Reached skill level 7 in Polearms
  1449 | D:3      | Reached skill level 1 in Armour
  1449 | D:3      | Reached skill level 1 in Stealth
  1449 | D:3      | Reached XP level 6. HP: 32/47 MP: 6/6
  1462 | D:3      | Found a snail-covered altar of Cheibriados.
  1883 | D:3      | Found a shimmering blue altar of Sif Muna.
  2251 | D:4      | Noticed a phantom
  2473 | D:3      | Killed a phantom
  2473 | D:3      | Reached XP level 7. HP: 35/52 MP: 7/7
  2563 | D:4      | Reached skill level 8 in Polearms
  2758 | D:4      | Found an ancient bone altar of Kikubaaqudgha.
  2850 | D:4      | Found a hazy altar of Hepliaklqana.
  2853 | D:4      | Became a worshipper of Hepliaklqana the Forgotten
  2896 | D:4      | Found a basalt altar of Yredelemnul.
  2897 | D:4      | Found an ornate altar of the Wu Jian Council.
  2899 | D:4      | Found a shimmering blue altar of Sif Muna.
  2899 | D:4      | Found an iron altar of Okawaru.
  2904 | D:4      | Found an opulent altar of Gozag.
  2905 | D:4      | Found a white marble altar of Elyvilon.
  2905 | D:4      | Found a sacrificial altar of Ru.
  3143 | D:5      | Entered Level 5 of the Dungeon
  3252 | D:5      | Reached skill level 9 in Polearms
  3378 | D:5      | Found a glowing drain.
  3431 | D:5      | Reached XP level 8. HP: 45/54 MP: 8/8
  3486 | Sewer    | Entered a sewer
  3496 | Sewer    | Reached * piety under Hepliaklqana
  3873 | D:5      | Reached skill level 10 in Polearms
  4432 | D:5      | Got a sheer robe
  4451 | D:5      | Identified the cursed +0 robe "Xabuabb" {rF+ rN++ Regen+
                  | Dex-2} (You found it on level 5 of the Dungeon)
  4618 | D:5      | Found the +7 Singing Sword {slice, sonic wave}
  4743 | D:6      | Reached skill level 5 in Fighting
  4770 | D:6      | Reached skill level 11 in Polearms
  4806 | D:6      | Found a shimmering altar of Xom.
  4890 | D:6      | Reached ** piety under Hepliaklqana
  4900 | D:6      | Remembered your ancestor Grandpa Guppy as a hexer
  5172 | D:7      | Noticed Joseph
  5202 | D:7      | Killed Joseph
  5202 | D:7      | Reached skill level 12 in Polearms
  5202 | D:7      | Reached XP level 9. HP: 8/61 MP: 9/9
  5925 | D:7      | Found a stormy altar of Qazlal.
  6206 | D:7      | Identified the +4 ring mail "Niluk" {*Contam rPois MR+}
  6261 | D:7      | Found a staircase to the Ecumenical Temple.
  6283 | D:7      | Reached skill level 13 in Polearms
  6482 | D:8      | Found a staircase to the Lair.
  6483 | D:8      | Noticed an elephant
  6530 | D:8      | Reached XP level 10. HP: 45/69 MP: 10/10
  6621 | D:8      | Reached *** piety under Hepliaklqana
  6630 | D:8      | Found a sand-covered staircase.
  6635 | Ossuary  | Entered an ossuary
  6911 | D:8      | Noticed Pikel
  6935 | D:8      | Killed Pikel
  6935 | D:8      | Reached skill level 5 in Stealth
  7293 | D:8      | Found Quhureygh's Book Shoppe.
  7505 | D:8      | Found a runed translucent gate.
  7506 | D:8      | Found a runed translucent gate.
  7506 | D:8      | Identified the +4 great sword "Xausor" {slice, -Tele rPois
                  | MR+}
  7507 | D:8      | Found a runed translucent gate.
  7509 | D:8      | Noticed brucemayne's ghost (novice HOMo)
  7513 | D:8      | Found a roughly hewn altar of Beogh.
  7585 | D:8      | Killed an elephant
  7585 | D:8      | Reached skill level 14 in Polearms
  8251 | D:9      | Reached **** piety under Hepliaklqana
  8475 | D:9      | Reached XP level 11. HP: 71/77 MP: 11/11
  8540 | D:9      | Found a radiant altar of Vehumet.
  8717 | D:10     | Entered Level 10 of the Dungeon
  8735 | D:10     | Found a shadowy altar of Dithmenos.
  8808 | D:10     | Found the ring of Robustness {AC+8}
  9033 | D:10     | Reached skill level 5 in Armour
  9277 | D:10     | Noticed a two-headed hydra
  9290 | D:10     | Killed a two-headed hydra
  9442 | D:10     | Found a staircase to the Orcish Mines.
  9587 | D:10     | Reached skill level 15 in Polearms
 10253 | D:10     | Found a portal to a secret trove of treasure.
 10574 | D:11     | Noticed a two-headed ogre
 10586 | D:11     | Killed a two-headed ogre
 10747 | D:11     | Reached skill level 10 in Stealth
 11207 | D:11     | Noticed a green ugly thing
 11222 | D:11     | Killed a green ugly thing
 11566 | D:11     | Reached XP level 12. HP: 85/85 MP: 12/12
 12347 | Lair:1   | Entered Level 1 of the Lair of Beasts
 12631 | Lair:1   | Noticed an eight-headed hydra
 12679 | Lair:1   | Got a spiked leather armour
 12726 | Lair:1   | Found a gate leading to a gauntlet.
 12761 | Gauntlet | Entered a Gauntlet
 12761 | Gauntlet | Found a transporter.
 12761 | Gauntlet | Found a transporter.
 12761 | Gauntlet | Reached ***** piety under Hepliaklqana
 12765 | Gauntlet | Found a transporter.
 12769 | Gauntlet | Found a transporter.
 12770 | Gauntlet | Found a transporter.
 12802 | Gauntlet | Noticed a tengu warrior
 12805 | Gauntlet | Found a transporter.
 12807 | Gauntlet | Found a transporter.
 12821 | Gauntlet | Found a transporter.
 12843 | Gauntlet | Found a transporter.
 12856 | Gauntlet | Found a transporter.
 12860 | Gauntlet | Found a transporter.
 12904 | Gauntlet | Found a transporter.
 13003 | Gauntlet | Identified the +2 leather armour of Plasticity {*Corrode
                  | rF+ Int+4} (You found it on level 1 of the Lair of Beasts)
 13086 | Gauntlet | Reached skill level 10 in Fighting
 13156 | Gauntlet | Reached skill level 16 in Polearms
 13191 | Gauntlet | Got a transparent cloak
 13208 | Gauntlet | Identified the +3 cloak "Muazxofe" {rPois rF+ Int+2} (You
                  | found it in a Gauntlet)
 13370 | Gauntlet | Noticed a minotaur
 13395 | Gauntlet | HP: 3/87 [minotaur/silver javelin (8)]
 13513 | Gauntlet | Killed a minotaur
 13649 | Lair:1   | Gained mutation: You are weak. (Str -2) [mutagenic glow]
 13684 | Lair:1   | Reached skill level 1 in Evocations
 13697 | Lair:1   | Killed a 16-headed hydra
 13741 | Lair:1   | Reached skill level 10 in Dodging
 14078 | Lair:1   | Found a transporter.
 14079 | Lair:1   | Noticed exaltech's ghost (journeyman DsGl)
 14096 | Lair:1   | Found a transporter.
 14100 | Lair:1   | Found the amulet of Vitality {Regen+ HP+15}
 14569 | Lair:1   | Reached XP level 13. HP: 93/93 MP: 14/14
 14636 | Lair:1   | Found a glowing golden altar of the Shining One.
 14827 | D:8      | Killed brucemayne's ghost
 15060 | Orc:1    | Entered Level 1 of the Orcish Mines
 15165 | Orc:1    | Found a runed translucent gate.
 15211 | Orc:1    | Found a runed translucent gate.
 15212 | Orc:1    | Found a runed translucent gate.
 15214 | Orc:1    | Noticed kikerikii's ghost (journeyman MiBe)
 15215 | Orc:1    | Noticed Xerberus86's ghost (journeyman HuGl)
 15506 | Orc:2    | Entered Level 2 of the Orcish Mines
 15506 | Orc:2    | Found Fihacux's Magic Scroll Shop.
 15795 | Orc:2    | Bought a scroll of enchant weapon for 90 gold pieces
 15795 | Orc:2    | Bought a scroll of identify for 24 gold pieces
 15795 | Orc:2    | Bought a scroll of noise for 12 gold pieces
 15811 | Orc:2    | Found a staircase to the Elven Halls.
 15927 | Orc:2    | Noticed an ogre mage
 15927 | Orc:2    | Found Saetez's Food Boutique.
 15927 | Orc:2    | Found Molaefus's Antique Armour Emporium.
 15928 | Orc:2    | Found Gaiguh's Book Emporium.
 15928 | Orc:2    | Found Azirhun's Gadget Shop.
 15941 | Orc:2    | Reached skill level 17 in Polearms
 15946 | Orc:2    | Killed an ogre mage
 15958 | Orc:2    | Noticed Nessos
 15966 | Orc:2    | Killed Nessos
 15971 | Orc:2    | Reached XP level 14. HP: 35/102 MP: 16/16
 16698 | Orc:2    | Noticed an orc warlord
 16936 | Orc:2    | Killed an orc warlord
 17441 | Lair:2   | Found a staircase to the Snake Pit.
 17949 | Lair:2   | Reached ****** piety under Hepliaklqana
 18426 | Lair:3   | Reached skill level 18 in Polearms
 19596 | Lair:4   | Noticed Kirke
 19599 | Lair:4   | Found a runed translucent gate.
 19599 | Lair:4   | Found a runed translucent gate.
 19599 | Lair:4   | Found a runed translucent gate.
 20012 | Lair:3   | Killed Kirke
 20048 | Lair:4   | Noticed 1Viktor's ghost (journeyman CeHu)
 20050 | Lair:4   | Found a viscous altar of Jiyva.
 20107 | Lair:4   | Reached skill level 1 in Unarmed Combat
 20217 | Lair:4   | Found a staircase to the Swamp.
 21043 | Lair:5   | Reached XP level 15. HP: 61/110 MP: 17/17
 21241 | Lair:5   | Found an ornate altar of the Wu Jian Council.
 21570 | Lair:5   | Found a shadowy altar of Dithmenos.
 22179 | Lair:6   | Entered Level 6 of the Lair of Beasts
 22288 | Lair:6   | Reached skill level 19 in Polearms
 22294 | Lair:6   | Reached skill level 15 in Stealth
 23706 | Lair:6   | Found a runed translucent door.
 24601 | Lair:6   | Found a runed translucent door.
 24601 | Lair:6   | Found a viscous altar of Jiyva.
 24601 | Lair:6   | Found a staircase to the Slime Pits.
 24601 | Lair:6   | Noticed an acid blob
 24601 | Lair:6   | Noticed an acid blob
 24730 | Lair:6   | Noticed 1994's ghost (journeyman CeGl)
 25251 | Temple   | Entered the Ecumenical Temple
 26201 | D:12     | Noticed Maurice
 26222 | D:12     | Killed Maurice
 26611 | D:12     | Reached XP level 16. HP: 120/120 MP: 18/18
 26768 | D:12     | Reached skill level 20 in Polearms
 26877 | D:12     | Noticed Erolcha
 26884 | D:12     | Killed Erolcha
 26958 | D:12     | Noticed Fannar
 26973 | D:12     | Killed Fannar
 27384 | D:13     | Found a runed translucent gate.
 27385 | D:13     | Found a runed translucent gate.
 27385 | D:13     | Found a runed translucent gate.
 27409 | D:13     | Noticed Goteb's ghost (journeyman HOFi)
 28042 | D:13     | Killed Goteb's ghost
 28042 | D:13     | Reached skill level 15 in Fighting
 28097 | D:13     | Identified a scroll of acquirement
 28101 | D:13     | Got a slimy glaive
 28105 | D:13     | Identified the +7 glaive of Jioqar {flame, +Blink rPois
                  | rN+} (You acquired it on level 13 of the Dungeon)
 28436 | D:14     | Found a gate to the Vaults.
 28436 | D:14     | Noticed Rupert
 28436 | D:14     | Noticed Urug
 28519 | D:14     | Killed Rupert
 28547 | D:14     | Killed Urug
 29434 | D:15     | Entered Level 15 of the Dungeon
 29481 | D:15     | Found Puakaun's Antique Armour Emporium.
 29779 | D:15     | Reached skill level 21 in Polearms
 29863 | D:15     | Identified Roxanne's Compendium of Earth
 29863 | D:15     | Noticed Roxanne
 29907 | D:15     | Killed Roxanne
 30200 | D:15     | Found Etocihavo's Book Shoppe.
 30204 | D:15     | Found Niun Wyimn's Assorted Antiques.
 30233 | D:15     | Bought a shimmering trident for 161 gold pieces
 30233 | D:15     | Bought a sedimented dark potion for 17 gold pieces
 30239 | D:15     | Identified the +9 trident of the Special Ships {speed,
                  | Str+6} (You bought it in a shop on level 15 of the Dungeon)
 30277 | D:15     | Noticed Agnes
 30299 | D:15     | Killed Agnes
 30360 | D:15     | Found a staircase to the Depths.
 30603 | D:15     | Found Garat's Armour Emporium.
 30605 | D:15     | Found Xyti Sot's Antique Weapon Shoppe.
 30612 | D:15     | Reached XP level 17. HP: 104/129 MP: 19/19
 30782 | Depths:1 | Entered Level 1 of the Depths
 31065 | Swamp:1  | Entered Level 1 of the Swamp
 31669 | Swamp:1  | Found the +3 warlock's mirror {reflect}
 31741 | Swamp:1  | Reached skill level 1 in Shields
 32420 | Swamp:2  | Reached skill level 1 in Invocations
 32568 | Swamp:2  | Reached skill level 1 in Spellcasting
 33406 | Swamp:2  | Reached skill level 5 in Shields
 33776 | Swamp:3  | Got a twisted plate armour
 33788 | Swamp:3  | Identified the +7 plate armour "Monun" {Str+2 Int+3 Stlth-}
                  | (You found it on level 3 of the Swamp)
 34510 | Swamp:4  | Entered Level 4 of the Swamp
 34726 | Swamp:4  | Reached XP level 18. HP: 124/137 MP: 21/21
 35202 | Swamp:4  | Noticed a bone dragon
 35241 | Swamp:4  | Killed a bone dragon
 35241 | Swamp:4  | Reached skill level 10 in Armour
 35613 | Swamp:4  | Got a decaying rune of Zot
 36274 | Orc:1    | Killed kikerikii's ghost
 36285 | Orc:1    | Killed Xerberus86's ghost
 36285 | Orc:1    | Reached XP level 19. HP: 134/142 MP: 22/22
 36415 | Orc:1    | Noticed Gastronok
 36415 | Orc:1    | Noticed Erica
 36415 | Orc:1    | Noticed Jorgrun
 36436 | Orc:1    | Killed Jorgrun
 36449 | Orc:1    | Killed Erica
 36469 | Orc:1    | Killed Gastronok
 36471 | Orc:1    | You fall into a shaft and drop 1 floor!
 36554 | Orc:1    | Noticed Snorg
 36583 | Orc:1    | Killed Snorg
 36934 | Vaults:1 | Entered Level 1 of the Vaults
 39008 | Vaults:2 | Reached skill level 10 in Shields
 39330 | Vaults:2 | Noticed Frederick
 39380 | Vaults:2 | Killed Frederick
 39958 | Vaults:3 | Noticed Sojobo
 39996 | Vaults:3 | Killed Sojobo
 39996 | Vaults:3 | Reached XP level 20. HP: 77/149 MP: 23/23
 40030 | Vaults:2 | Mangled by a vampire knight

Levels and vault maps discovered:
D:1:      denvon_arrival_planthouse, layout_basic, minmay_bisected
D:2:      layout_rooms, minmay_misc_feat_roman, minmay_curled_crystal,
          uniq_natasha
D:3:      layout_basic, nicolae_overflow_crystal_walls, dk_noncrumbling_3,
          led_sif_pool, uniq_sigmund
D:4:      layout_rooms, lemuel_doored_altar, grunt_temple_overflow_open,
          kennysheep_little_box, serial_curves, eino_curves_01, eino_curves_02,
          first_ration
D:5:      old_forge, layout_basic, gup_sewer_entry_spiral
D:6:      layout_basic, xom_confusion_cloud
D:7:      layout_basic, overflow_temple_1_default, minmay_temple_entry_glass,
          uniq_joseph
D:8:      layout_basic, david_lair_generic, biasface_ghost_orc_armoury,
          serial_shops, nicolae_shop_trees, enter_ossuary_2, uniq_pikel
D:9:      layout_basic, overflow_temple_1_default
D:10:     layout_stronghold, orc_0_dummy, trove_entry_hex_spiral,
          hangedman_ranch [blue_anna_fruit_fields], nicolae_two_hexagons,
          nicolae_dithmenos_shadow_blocks
D:11:     layout_roguey
D:12:     layout_basic, special_room [special_room_bee], uniq_fannar,
          uniq_maurice, uniq_erolcha
D:13:     layout_basic, maelrawn_ghost_gauntlet_escape
D:14:     layout_basic, david_vaults_3, minivault_27
D:15:     hangedman_depths_entry_try_elsewhere_first, layout_basic,
          serial_shops, nicolae_shop_crystal, nicolae_shop_crystal, shop,
          nicolae_shop_temple_entry_statues_fountains, shop,
          hangedman_abyss_or_decor_stagger, uniq_roxanne, uniq_agnes
Temple:   jpeg_temple_island
Lair:1:   wander_river, layout_cave_shapes, gauntlet_entry_generic, basic_altar,
          gammafunk_ghost_berserking_beasts
Lair:2:   layout_chaotic_city, minmay_snake_entry_spellcaster, minmay_holes,
          uniq_urug
Lair:3:   layout_hall_layers, special_room, kennysheep_catoblepas_arena,
          grunt_megastairs_5
Lair:4:   layout_cave_pods, swamp_mist_pool, gammafunk_ghost_ooze, minivault_24,
          lemuel_fruit_tree, uniq_kirke
Lair:5:   layout_roguey [special_room_mythical_zoo], basic_altar, st_stairs_11,
          lemuel_centaur_altar
Lair:6:   guppyfry_lair_end_dragon, layout_regular_city, slime_altar_2,
          gammafunk_ghost_grave, small_statue_intersection
Swamp:1:  layout_falls_marsh, hangedman_swamp_ruin_wall
Swamp:2:  layout_basic_swamp, serial_swamp_ruin, evilmike_swamp_ruin_rubble_2,
          evilmike_swamp_ruin_house_4, evilmike_swamp_ruin_house_3
Swamp:3:  layout_falls_marsh, evilmike_swamp_ruin_house_1
Swamp:4:  swamp_pestilence, layout_basic_swamp, swamp_pool4
Orc:1:    layout_caves, gammafunk_ghost_cemetery, uniq_jorgrun, uniq_gastronok,
          uniq_erica, uniq_snorg
Orc:2:    st_orc_ogre_mass, layout_diamond_mine, serial_shops, shop,
          nicolae_orc_pool_cavern, uniq_nessos
Vaults:1: vaults_room_door_hall, ontoclasm_vaults_echo,
          vaults_room_stairs_pillars, ontoclasm_vaults_decontamination,
          hangedman_vaults_slice, ontoclasm_vaults_idyll,
          hangedman_vaults_capsules, v_misc_12, ontoclasm_vaults_eye,
          layout_vaults_omnibox
Vaults:2: hangedman_vaults_pinch, ontoclasm_vaults_idyll, vaults_dpeg_hooks,
          serial_ice_m, nicolae_vaults_alarming,
          nicolae_vaults_ring_of_whatevers, vaults_room_corners,
          nicolae_vaults_sealed_display, layout_vaults_omnigrid, uniq_frederick
Vaults:3: v_misc_22, minmay_crypt_entry_necro_gods, v_misc_1,
          vaults_room_stairs_pillars, sword_in_stone,
          nicolae_vaults_yaktaur_gun_rack, v_misc_19, layout_vaults_omnicross
Depths:1: layout_cross, gammafunk_ghost_icy, hell_entry, minmay_misc_feat_cross,
          minmay_checkered_concentric_circles

Skill      XL: |  1  2  3  4  5  6  7  8  9 10 11 12 13 14 15 16 17 18 19 |
---------------+----------------------------------------------------------+-----
Polearms       | 5 6 7 9 12 13 14 15 16 17 18 19 21 | 21.8
Dodging        | 5 6 7 8 10 12 13 | 13.8
Fighting       | 3 4 5 6 7 9 10 11 13 14 16 | 16.4
Armour         | 1 2 3 4 5 6 7 8 9 10 12 | 12.9
Stealth        | 1 2 3 4 7 10 11 13 14 15 | 15.4
Evocations     | 2 3 |  3.0
Unarmed Combat | 1 3 |  3.1
Shields        | 6 7 10 | 10.0
Invocations    | 2 |  2.6
Spellcasting   | 2 |  2.0
Throwing       | |  2.3

Action                   |  1- 3 |  4- 6 |  7- 9 | 10-12 | 13-15 | 16-18 | 19-21 || total
-------------------------+-------+-------+-------+-------+-------+-------+-------++-------
Melee: Trident           |    62 |   189 |   574 |  1056 |    93 |   995 |   696 ||  3665
       Glaive            |       |       |       |    22 |       |   255 |       ||   277
       Halberd           |       |       |       |       |  1151 |   203 |       ||  1354
       Unarmed           |       |       |       |       |     3 |       |       ||     3
       Tailslap          |       |       |       |       |     7 |    54 |       ||    61
       Punch             |       |       |       |       |       |     1 |       ||     1
Throw: Throwing net      |       |     3 |       |     2 |       |       |       ||     5
       Javelin           |       |       |       |       |     1 |       |       ||     1
Invok: Ancestor Identity |       |       |     2 |       |       |       |       ||     2
       Ancestor Life: He |       |       |     1 |       |       |       |       ||     1
       Recall Ancestor   |       |       |     1 |       |     4 |     6 |       ||    11
       Idealise          |       |       |       |     1 |       |       |       ||     1
Evoke: Wand              |       |       |     1 |    10 |    11 |     2 |     2 ||    26
       Phial of floods   |       |       |       |       |     4 |     2 |       ||     6
       Lamp of fire      |       |       |       |       |       |       |     1 ||     1
  Use: Scroll            |       |       |    10 |     9 |    11 |    10 |     2 ||    42
       Potion            |       |       |       |    15 |     4 |     5 |     8 ||    32
 Stab: Sleeping          |       |     2 |     3 |    28 |    26 |    44 |       ||   103
       Held in net/web   |       |     1 |       |     4 |       |       |       ||     5
       Confused          |       |       |     4 |    25 |    36 |    13 |    43 ||   121
       Distracted        |       |       |     4 |    21 |    19 |    15 |     5 ||    64
       Betrayed ally     |       |       |       |       |     1 |       |       ||     1
       Paralysed         |       |       |       |       |    13 |    25 |    10 ||    48
  Eat: Chunk             |       |     5 |     6 |    23 |    15 |    11 |    11 ||    71
       Ration            |       |       |     2 |     1 |     7 |     6 |       ||    16
Armor: Leather armour    |    30 |    29 |    10 |       |       |       |       ||    69
       Scale mail        |       |       |    52 |       |       |       |       ||    52
       Ring mail         |       |       |     3 |   184 |   249 |   152 |       ||   588
       Plate armour      |       |       |       |       |       |    68 |   104 ||   172
Dodge: Dodged            |    61 |   119 |   175 |   391 |   619 |   481 |    64 ||  1910
Block: Other             |       |     4 |    72 |   134 |   166 |    80 |       ||   456
       Reflection        |       |       |    11 |     5 |    17 |    19 |    22 ||    74
       Buckler           |       |       |       |       |       |   190 |   125 ||   315
